TOP OF THE 1ST |
Irving Blue Sox batting - Pitching for Sacramento Whitecaps : LHP Benjamin Brouwer
|
Pitching: LHP Benjamin Brouwer
|
|
Batting: RHB Robbie Young
|
0-0: Called Strike 0-1: Called Strike 0-2: Ball 1-2: Foul Ball, location: 2F 1-2: Ball 2-2: Foul Ball, location: 2F 2-2: Ball 3-2: Strikes out swinging
|
Batting: RHB Nathan Boswell
|
0-0: Called Strike 0-1: Foul Ball, location: 2F 0-2: Strikes out swinging
|
Batting: RHB Dennis Newell
|
0-0: Ball 1-0: Ball 2-0: Ball 3-0: Called Strike 3-1: SOLO HOME RUN (Flyball, 7LD), Distance : 348 ft
|
Batting: RHB Will Hunter
|
0-0: Foul Ball, location: 2F 0-1: Ball 1-1: Ball 2-1: Foul Ball, location: 2F 2-2: Strikes out swinging
|
Top of the 1st over - 1 run(s), 1 hit(s), 0 error(s), 0 left on base; Irving 1 - Sacramento 0 |
BOTTOM OF THE 1ST |
Sacramento Whitecaps batting - Pitching for Irving Blue Sox : RHP Pat Brown
|
Pitching: RHP Pat Brown
|
|
Batting: RHB Héctor Galván
|
0-0: Ball 1-0: Ground out 6-3 (Groundball, 6M)
|
Batting: RHB Dan Mendoza
|
0-0: Called Strike 0-1: Ball 1-1: Called Strike 1-2: Ball 2-2: Foul Ball, location: 2F 2-2: Ground out 6-3 (Groundball, 6)
|
Batting: RHB Randy García
|
0-0: Ball 1-0: Called Strike 1-1: Ball 2-1: DOUBLE (Flyball, 78D)
|
Batting: RHB Jeffery Campbell
|
0-0: DOUBLE (Line Drive, 78M) Randy García scores
|
Batting: RHB Randall Parkinson
|
0-0: Ball 1-0: Ball 2-0: Swinging Strike 2-1: Fly out, F6 (Popup, 56)
|
Bottom of the 1st over - 1 run(s), 2 hit(s), 0 error(s), 1 left on base; Irving 1 - Sacramento 1 |
TOP OF THE 2ND |
Irving Blue Sox batting - Pitching for Sacramento Whitecaps : LHP Benjamin Brouwer
|
Batting: RHB Alfredo Chávez
|
0-0: Called Strike 0-1: Called Strike 0-2: Ground out 1-3 (Groundball, 13S)
|
Batting: LHB Kyle James
|
0-0: Called Strike 0-1: Ball 1-1: Fly out, F7 (Line Drive, 7S)
|
Batting: RHB Pat Lugo
|
0-0: Foul Ball, location: 2F 0-1: Fly out, F7 (Line Drive, 78D)
|
Top of the 2nd over - 0 run(s), 0 hit(s), 0 error(s), 0 left on base; Irving 1 - Sacramento 1 |
BOTTOM OF THE 2ND |
Sacramento Whitecaps batting - Pitching for Irving Blue Sox : RHP Pat Brown
|
Batting: LHB Jay Carlson
|
0-0: Ball 1-0: Swinging Strike 1-1: Ball 2-1: Foul Ball, location: 2F 2-2: Ground out 1-3 (Groundball, 13S)
|
Batting: RHB Cullen Spencer
|
0-0: Ball 1-0: Swinging Strike 1-1: Swinging Strike 1-2: Ball 2-2: SOLO HOME RUN (Flyball, 7LD), Distance : 341 ft
|
Batting: RHB Alberto Trejo
|
0-0: Called Strike 0-1: Foul Ball, location: 2F 0-2: Ball 1-2: Ball 2-2: Foul Ball, location: 2F 2-2: Foul Ball, location: 2F 2-2: Foul Ball, location: 2F 2-2: Foul Ball, location: 2F 2-2: Ground out 1-3 (Groundball, 13S)
|
Batting: RHB Jackson Shewman
|
0-0: Ground out 6-3 (Groundball, 6)
|
Bottom of the 2nd over - 1 run(s), 1 hit(s), 0 error(s), 0 left on base; Irving 1 - Sacramento 2 |
TOP OF THE 3RD |
Irving Blue Sox batting - Pitching for Sacramento Whitecaps : LHP Benjamin Brouwer
|
Batting: RHB Coy Poston
|
0-0: Foul Ball, location: 2F 0-1: Ball 1-1: Ball 2-1: Swinging Strike 2-2: Strikes out swinging
|
Batting: RHB Jim Unknown
|
0-0: Ball 1-0: Foul Ball, location: 2F 1-1: Foul Ball, location: 2F 1-2: Ball 2-2: DOUBLE (Line Drive, 78D)
|
Batting: RHB Robbie Young
|
0-0: Foul Ball, location: 2F 0-1: Ball 1-1: Ball 2-1: Ball 3-1: DOUBLE (Line Drive, 5D) Jim Unknown scores
|
Batting: RHB Nathan Boswell
|
0-0: Swinging Strike 0-1: SINGLE (Popup, 4D) Robbie Young to third
|
Batting: RHB Dennis Newell
|
0-0: Foul Ball, location: 2F 0-1: Fielders Choice at 2nd, 4-6 (Groundball, 4) Robbie Young scores
|
Batting: RHB Will Hunter
|
0-0: Ball 1-0: DOUBLE (Groundball, 5L) Dennis Newell to third
|
Batting: RHB Alfredo Chávez
|
0-0: Called Strike 0-1: Ball Wild Pitch! Dennis Newell scores Will Hunter to third 1-1: Ball 2-1: Foul Ball, location: 2F 2-2: Ball 3-2: Base on Balls
|
Batting: LHB Kyle James
|
0-0: Ball 1-0: Ball 2-0: Fly out, F4 (Popup, 4)
|
Top of the 3rd over - 3 run(s), 4 hit(s), 0 error(s), 2 left on base; Irving 4 - Sacramento 2 |
BOTTOM OF THE 3RD |
Sacramento Whitecaps batting - Pitching for Irving Blue Sox : RHP Pat Brown
|
Batting: RHB Héctor Galván
|
0-0: Ball 1-0: Ball 2-0: Swinging Strike 2-1: Fly out, F8 (Line Drive, 78S)
|
Batting: RHB Dan Mendoza
|
0-0: Ground out 6-3 (Groundball, 6)
|
Batting: RHB Randy García
|
0-0: Fly out, F8 (Line Drive, 8RD)
|
Bottom of the 3rd over - 0 run(s), 0 hit(s), 0 error(s), 0 left on base; Irving 4 - Sacramento 2 |
TOP OF THE 4TH |
Irving Blue Sox batting - Pitching for Sacramento Whitecaps : LHP Benjamin Brouwer
|
Batting: RHB Pat Lugo
|
0-0: Fly out, F9 (Flyball, 9D)
|
Batting: RHB Coy Poston
|
0-0: Ball 1-0: Swinging Strike 1-1: Ball 2-1: Ball 3-1: Base on Balls
|
Batting: RHB Jim Unknown
|
0-0: Foul Ball, location: 2F 0-1: Ball 1-1: Ball 2-1: Ball 3-1: Foul Ball, location: 2F 3-2: Foul Ball, location: 2F 3-2: Strikes out swinging Coy Poston steals 2nd base Batter strikes out.
|
Batting: RHB Robbie Young
|
0-0: Ball 1-0: Foul Ball, location: 2F 1-1: Ball 2-1: Ball 3-1: Ground out 4-3 (Groundball, 4)
|
Top of the 4th over - 0 run(s), 0 hit(s), 0 error(s), 1 left on base; Irving 4 - Sacramento 2 |
BOTTOM OF THE 4TH |
Sacramento Whitecaps batting - Pitching for Irving Blue Sox : RHP Pat Brown
|
Batting: RHB Jeffery Campbell
|
0-0: Swinging Strike 0-1: Swinging Strike 0-2: Strikes out swinging
|
Batting: RHB Randall Parkinson
|
0-0: Ball 1-0: Swinging Strike 1-1: Foul Ball, location: 2F 1-2: Ground out 6-3 (Groundball, 6M)
|
Batting: LHB Jay Carlson
|
0-0: Called Strike 0-1: Swinging Strike 0-2: Strikes out swinging
|
Bottom of the 4th over - 0 run(s), 0 hit(s), 0 error(s), 0 left on base; Irving 4 - Sacramento 2 |
TOP OF THE 5TH |
Irving Blue Sox batting - Pitching for Sacramento Whitecaps : LHP Benjamin Brouwer
|
Batting: RHB Nathan Boswell
|
0-0: Called Strike 0-1: SINGLE (Groundball, 56) (infield hit)
|
Batting: RHB Dennis Newell
|
0-0: Ball 1-0: Called Strike 1-1: Called Strike 1-2: Ball 2-2: Ball 3-2: Base on Balls Nathan Boswell to second
|
Batting: RHB Will Hunter
|
0-0: Ball 1-0: Ball 2-0: Swinging Strike 2-1: Fly out, F6 (Line Drive, 6)
|
Batting: RHB Alfredo Chávez
|
0-0: Ball 1-0: Ball Nathan Boswell steals 3rd base Dennis Newell to second 2-0: Called Strike 2-1: Called Strike 2-2: Ball 3-2: Strikes out swinging
|
Batting: LHB Kyle James
|
0-0: Swinging Strike 0-1: Ball 1-1: Called Strike 1-2: Foul Ball, location: 2F 1-2: Ball 2-2: Strikes out looking
|
Top of the 5th over - 0 run(s), 1 hit(s), 0 error(s), 2 left on base; Irving 4 - Sacramento 2 |
BOTTOM OF THE 5TH |
Sacramento Whitecaps batting - Pitching for Irving Blue Sox : RHP Pat Brown
|
Batting: RHB Cullen Spencer
|
0-0: SINGLE (Popup, 6D)
|
Batting: RHB Alberto Trejo
|
0-0: Fly out, F2 (Popup, 15S)
|
Batting: RHB Jackson Shewman
|
0-0: Ball 1-0: Called Strike 1-1: Ball 2-1: SINGLE (Groundball, 6M) Cullen Spencer to second
|
Batting: RHB Héctor Galván
|
0-0: Ball 1-0: Ball 2-0: Ball 3-0: Called Strike 3-1: Foul Ball, location: 2F 3-2: Base on Balls Cullen Spencer to third Jackson Shewman to second
|
Batting: RHB Dan Mendoza
|
0-0: Ball 1-0: Called Strike 1-1: Ball 2-1: Ball 3-1: Base on Balls Cullen Spencer scores Jackson Shewman to third Héctor Galván to second
|
Batting: RHB Randy García
|
0-0: Ball 1-0: Ball 2-0: Ball 3-0: Called Strike 3-1: Called Strike 3-2: Base on Balls Jackson Shewman scores Héctor Galván to third Dan Mendoza to second
|
Batting: RHB Jeffery Campbell
|
0-0: Called Strike 0-1: Fly out, F9 (Flyball, 9LM) Runner from 3rd tags up, SCORES, no throw
|
Batting: RHB Randall Parkinson
|
0-0: SINGLE (Line Drive, 7LS) Dan Mendoza to third Randy García to second
|
Batting: LHB Jay Carlson
|
0-0: Called Strike 0-1: Fly out, F8 (Flyball, 8LS)
|
Bottom of the 5th over - 3 run(s), 3 hit(s), 0 error(s), 3 left on base; Irving 4 - Sacramento 5 |
TOP OF THE 6TH |
Irving Blue Sox batting - Pitching for Sacramento Whitecaps : LHP Benjamin Brouwer
|
Batting: RHB Pat Lugo
|
0-0: Ball 1-0: Ball 2-0: Called Strike 2-1: Foul Ball, location: 2F 2-2: Ball 3-2: Fly out, F7 (Flyball, 78M)
|
Batting: RHB Coy Poston
|
0-0: Ball 1-0: Ball 2-0: Swinging Strike 2-1: Swinging Strike 2-2: Foul Ball, location: 2F 2-2: Strikes out swinging
|
Batting: RHB Jim Unknown
|
0-0: Called Strike 0-1: Ball 1-1: Ball 2-1: Fly out, F7 (Flyball, 7M)
|
Top of the 6th over - 0 run(s), 0 hit(s), 0 error(s), 0 left on base; Irving 4 - Sacramento 5 |
BOTTOM OF THE 6TH |
Sacramento Whitecaps batting - Pitching for Irving Blue Sox : RHP Pat Brown
|
Batting: RHB Cullen Spencer
|
0-0: Ball 1-0: Called Strike 1-1: Called Strike 1-2: Foul Ball, location: 2F 1-2: Strikes out swinging
|
Batting: RHB Alberto Trejo
|
0-0: Called Strike 0-1: Foul Ball, location: 2F 0-2: Foul Ball, location: 2F 0-2: Ball 1-2: Ball 2-2: Ball 3-2: Ground out 4-3 (Groundball, 4)
|
Batting: RHB Jackson Shewman
|
0-0: Called Strike 0-1: Swinging Strike 0-2: Ball 1-2: Foul Ball, location: 2F 1-2: Foul Ball, location: 2F 1-2: Ball 2-2: Strikes out swinging
|
Bottom of the 6th over - 0 run(s), 0 hit(s), 0 error(s), 0 left on base; Irving 4 - Sacramento 5 |
TOP OF THE 7TH |
Irving Blue Sox batting - Pitching for Sacramento Whitecaps : LHP Benjamin Brouwer
|
Batting: RHB Robbie Young
|
0-0: Ball 1-0: Called Strike 1-1: Ball 2-1: Ball 3-1: Called Strike 3-2: Base on Balls
|
Batting: RHB Nathan Boswell
|
0-0: Ball 1-0: Ball 2-0: Sac Bunt - play at first, batter OUT! 5-4 Robbie Young to second
|
Pinch Hitting: SHB Ron Peterson
|
0-0: Ball 1-0: SINGLE (Groundball, 56) Robbie Young to third Runner from 3rd tries for Home, SAFE, no throw or cutoff
|
Batting: RHB Will Hunter
|
0-0: Called Strike 0-1: Called Strike 0-2: Ball 1-2: Fly out, F9 (Flyball, 9LD)
|
Batting: RHB Alfredo Chávez
|
0-0: Called Strike 0-1: Ball 1-1: Ball 2-1: Fly out, F3 (Popup, 13S)
|
Top of the 7th over - 1 run(s), 1 hit(s), 0 error(s), 1 left on base; Irving 5 - Sacramento 5 |
BOTTOM OF THE 7TH |
Sacramento Whitecaps batting - Pitching for Irving Blue Sox : RHP Pat Brown
|
Now in RF: Ron Peterson
|
|
Pinch Hitting: LHB Lee Williams
|
0-0: Called Strike 0-1: Called Strike 0-2: Ball 1-2: Foul Ball, location: 2F 1-2: Strikes out looking
|
Batting: RHB Dan Mendoza
|
0-0: Foul Ball, location: 2F 0-1: Called Strike 0-2: Ball 1-2: Ball 2-2: Ground out U3 (Groundball, 3S)
|
Batting: RHB Randy García
|
0-0: Foul Ball, location: 2F 0-1: Ball 1-1: Ball 2-1: Foul Ball, location: 2F 2-2: Fly out, F8 (Popup, 78S)
|
Bottom of the 7th over - 0 run(s), 0 hit(s), 0 error(s), 0 left on base; Irving 5 - Sacramento 5 |
TOP OF THE 8TH |
Irving Blue Sox batting - Pitching for Sacramento Whitecaps : LHP Benjamin Brouwer
|
Pitching: RHP Pablo Solano
|
|
Now at SS: José Valdéz
|
|
Pinch Hitting: SHB Curt Finley
|
0-0: Called Strike 0-1: DOUBLE (Groundball, 3L)
|
Batting: RHB Pat Lugo
|
0-0: DOUBLE (Groundball, 5L) Curt Finley scores
|
Batting: RHB Coy Poston
|
0-0: Sac Bunt - play at first, batter OUT! 1-3 Pat Lugo to third
|
Batting: RHB Jim Unknown
|
0-0: Called Strike 0-1: DOUBLE (Line Drive, 7LM) Pat Lugo scores
|
Batting: RHB Robbie Young
|
0-0: Called Strike 0-1: Swinging Strike 0-2: Ball 1-2: Strikes out looking
|
Batting: RHB Nathan Boswell
|
0-0: Called Strike 0-1: Ball 1-1: Ball 2-1: Ball Wild Pitch! Jim Unknown to third 3-1: Foul Ball, location: 2F 3-2: Fly out, F4 (Popup, 4)
|
Top of the 8th over - 2 run(s), 3 hit(s), 0 error(s), 1 left on base; Irving 7 - Sacramento 5 |
BOTTOM OF THE 8TH |
Sacramento Whitecaps batting - Pitching for Irving Blue Sox : RHP Pat Brown
|
Pitching: RHP Jim Unknown
|
|
Now in CF: Curt Finley
|
|
Batting: RHB Jeffery Campbell
|
0-0: Ball 1-0: Ball 2-0: Foul Ball, location: 2F 2-1: Swinging Strike 2-2: Strikes out looking
|
Batting: RHB Randall Parkinson
|
0-0: Called Strike 0-1: Foul Ball, location: 2F 0-2: Ball 1-2: Ball 2-2: Ball 3-2: SINGLE (Line Drive, 7S)
|
Batting: LHB Jay Carlson
|
0-0: Ball 1-0: Called Strike 1-1: Fly out, F5 (Popup, 25F)
|
Batting: RHB Cullen Spencer
|
0-0: Called Strike 0-1: Ball 1-1: Called Strike 1-2: Ball 2-2: Ball 3-2: Strikes out looking
|
Bottom of the 8th over - 0 run(s), 1 hit(s), 0 error(s), 1 left on base; Irving 7 - Sacramento 5 |
TOP OF THE 9TH |
Irving Blue Sox batting - Pitching for Sacramento Whitecaps : RHP Pablo Solano
|
Batting: SHB Ron Peterson
|
0-0: SOLO HOME RUN (Flyball, 78XD), Distance : 427 ft
|
Pitching: RHP Emory Bryant
|
|
Batting: RHB Will Hunter
|
0-0: Ball 1-0: Swinging Strike 1-1: Foul Ball, location: 2F 1-2: Ball 2-2: Ball 3-2: Foul Ball, location: 2F 3-2: SINGLE (Flyball, 8LS)
|
Batting: RHB Alfredo Chávez
|
0-0: Ball 1-0: Foul Ball, location: 2F 1-1: Foul Ball, location: 2F 1-2: Foul Ball, location: 2F 1-2: Ball 2-2: Strikes out swinging
|
Batting: SHB Curt Finley
|
0-0: Foul Ball, location: 2F 0-1: TRIPLE (Flyball, 89M) Will Hunter scores
|
Batting: RHB Pat Lugo
|
0-0: Fly out, F5 (Line Drive, 56)
|
Batting: RHB Coy Poston
|
0-0: Ground out 5-3 (Groundball, 5S)
|
Top of the 9th over - 2 run(s), 3 hit(s), 0 error(s), 1 left on base; Irving 9 - Sacramento 5 |
BOTTOM OF THE 9TH |
Sacramento Whitecaps batting - Pitching for Irving Blue Sox : RHP Jim Unknown
|
Batting: RHB Alberto Trejo
|
0-0: Ball 1-0: Ball 2-0: Ball 3-0: Called Strike 3-1: SOLO HOME RUN (Flyball, 8RXD), Distance : 440 ft
|
Batting: RHB Jackson Shewman
|
0-0: Swinging Strike 0-1: Foul Ball, location: 2F 0-2: Ball 1-2: Ball 2-2: Strikes out swinging
|
Batting: RHB José Valdéz
|
0-0: Ground out 6-3 (Groundball, 6)
|
Batting: RHB Dan Mendoza
|
0-0: DOUBLE (Line Drive, 5D)
|
Batting: RHB Randy García
|
0-0: Ball 1-0: Called Strike 1-1: Foul Ball, location: 2F 1-2: Ball 2-2: Ball Wild Pitch! Dan Mendoza to third 3-2: Fly out, F7 (Line Drive, 78M)
|
Bottom of the 9th over - 1 run(s), 2 hit(s), 0 error(s), 1 left on base; Irving 9 - Sacramento 6 |
|